 Seeded DCSS version 0.31-a0-496-g6f97920a28 (webtiles) character file.

Game seed: 7415222406553760909 (custom seed)

300 innerfire43 the Insei (level 6, 0/47 HPs)
             Began as a Demonspawn Monk on Aug 8, 2023.
             Was an Elder of Uskayaw.
             Slain by an iguana (11 damage)
             ... on level 3 of the Dungeon.
             The game lasted 00:04:48 (2570 turns).

innerfire43 the Insei (Demonspawn Monk)             Turns: 2570, Time: 00:04:49

Health: 0/47       AC:  9    Str: 14    XL:     6   Next: 13%
Magic:  2/6        EV: 13    Int: 11    God:    Uskayaw [****..]
Gold:   175        SH:  0    Dex: 15    Spells: 5/5 levels left

rFire   . .          .
                       - Unarmed
rCold   + . .        c - orb {light}
rNeg    . . .        j - +1 robe {rC+}
rPois   .            s - +0 helmet
rElec   .            r - +2 cloak
rCorr   .            n - +1 pair of gloves
SInv    .            (no boots)
Will    .....        (no amulet)
Stlth   +            d - ring of wizardry
HPRegen 0.27/turn    (no ring)
MPRegen 0.10/turn

%: wizardry (x1)
@: glowing
A: spiny 2
a: Renounce Religion, Stomp, Line Pass


You were on level 3 of the Dungeon.
You worshipped Uskayaw.
Uskayaw was noncommittal.
You visited 1 branch of the dungeon, and saw 3 of its levels.

You collected 175 gold pieces.

Inventory:

Armour
 c - an orb of light (worn)
 j - a +1 robe of cold resistance (worn)
 n - a +1 pair of gloves (worn)
 r - a +2 cloak (worn)
 s - a +0 helmet (worn)
Jewellery
 d - a ring of wizardry (left hand)
 f - a ring of positive energy
 k - a ring of poison resistance
 q - a ring of wizardry
Talismans
 g - a flux talisman
Scrolls
 h - 2 scrolls of teleportation {unknown}
 i - a scroll of poison {unknown}
 m - 4 scrolls of identify {unknown}
 o - 2 scrolls of fog {unknown}
 t - 2 scrolls of fear {unknown}
 u - a scroll of noise {unknown}
Potions
 a - a potion of brilliance {unknown}
 b - a potion of ambrosia
 e - a potion of curing
 l - a potion of mutation {unknown}
 p - a potion of lignification {unknown}
 v - a potion of enlightenment {unknown}
 w - a potion of heal wounds {unknown}


   Skills:
 - Level 3.0 Fighting
 - Level 3.3 Dodging
 + Level 3.9 Unarmed Combat
 * Level 3.5 Shapeshifting


You had 5 spell levels left.
You didn't know any spells.
Your spell library was empty.

Dungeon Overview and Level Annotations

Branches:
Dungeon (3/15)

Altars:
Dithmenos
Nemelex Xobeh
Qazlal
Uskayaw
Yredelemnul

Shops:
D:1 ?

Annotations:
D:3 1 transporter


Innate Abilities, Weirdness & Mutations

You are mostly covered in sharp spines.


Message History

You hit the ice beast.
The ice beast is severely wounded.
The iguana is no longer paralysed.
The ice beast is no longer paralysed.
The iguana is struck by your spines. The iguana bites you!
* * * LOW HITPOINT WARNING * * *
The ice beast is struck by your spines. The ice beast closely misses you.
Uskayaw will force your foes to share their pain.
Uskayaw links your audience in an emotional bond!
You hit the ice beast but do no damage.
The ice beast is severely wounded.
The iguana completely misses you. The ice beast closely misses you.
Unknown command.
Press < or > to pray at altars.
You barely miss the ice beast.
The ice beast is severely wounded.
The iguana is no longer sharing its pain.
The ice beast is no longer sharing its pain.
The iguana bites you but does no damage.
The ice beast barely misses you.
Unknown command.
Press < or > to pray at altars.
You stomp with the beat, sending a shockwave through the revellers around you!
The ice beast is almost dead.
The iguana is severely wounded.
The iguana bites you!
* * * LOW HITPOINT WARNING * * *
The ice beast is struck by your spines. The ice beast closely misses you.
You hit the ice beast.
You kill the ice beast!
The iguana is struck by your spines. The iguana bites you.
* * * LOW HITPOINT WARNING * * *
Uskayaw will force your foes to share their pain.
You have reached level 6!
Your demonic ancestry asserts itself...
Sharp spines emerge from more of your body.
It was a potion of curing.
You feel better. The iguana misses you.
You barely miss the iguana.
The iguana is severely wounded.
The iguana bites you!
You die...

#....##.##8.....8##....#
#....##.#.........#....#
#..>..#.#....©....#....# ####
#.......#.........#....# #...
#.....#.#........©#....# #...
#.....#.#.........#....###...
#.....#.#.........#....'.'...
###.....#..$?l)?..#....###...
#...#.##8$@__$8##....# #...
#...#..#########.....# #...
#...##.....©........(# #...
#......###...##......# #...
#...##.# ##.###.###### #...
#......# #.# #....#####...
#....######.######..#...(..
####.#.......# ##.#......
######.#.#####.# #†#......


You could see an iguana.

Vanquished Creatures
  An ice beast (D:3)
  A bullfrog (D:3)
  Robin (D:2)
  4 adders
  A shadow imp (D:3)
  2 worms
  A dart slug (D:2)
  5 ball pythons
  4 bats
  2 endoplasms
  2 giant cockroaches (D:1)
  17 goblins
  7 hobgoblins
  12 jackals
  7 quokkas
  4 frilled lizards
  5 kobolds
  4 rats
80 creatures vanquished.

Notes
Turn   | Place    | Note
-------+----------+-------------------------------------------
     0 | D:1      | innerfire43 the Demonspawn Monk began the quest for the
                  | Orb.
     0 | D:1      | Reached XP level 1. HP: 18/18 MP: 1/1
    71 | D:2      | Gained mutation: You are partially covered in sharp spines.
                  | [demonic ancestry]
    71 | D:2      | Reached XP level 2. HP: 17/24 MP: 2/2
   181 | D:1      | Reached skill level 1 in Shapeshifting
   398 | D:1      | Reached XP level 3. HP: 29/29 MP: 3/3
   438 | D:1      | Found Onoqawk's Magic Scroll Emporium.
   864 | D:2      | Noticed Robin
   939 | D:2      | Killed Robin
   940 | D:2      | Reached XP level 4. HP: 15/35 MP: 4/4
  2077 | D:3      | Found a shadowy altar of Dithmenos.
  2142 | D:3      | Found a sparkling altar of Nemelex Xobeh.
  2380 | D:3      | Found a hide-covered altar of Uskayaw.
  2380 | D:3      | Noticed a bullfrog
  2386 | D:3      | Noticed an ice beast
  2387 | D:3      | Found a stormy altar of Qazlal.
  2392 | D:3      | Found a transporter.
  2393 | D:3      | Found a basalt altar of Yredelemnul.
  2398 | D:3      | Found a transporter.
  2436 | D:3      | Reached XP level 5. HP: 41/41 MP: 5/5
  2555 | D:3      | Became a worshipper of Uskayaw the Reveller
  2555 | D:3      | Reached * piety under Uskayaw
  2558 | D:3      | Reached ** piety under Uskayaw
  2563 | D:3      | Reached *** piety under Uskayaw
  2564 | D:3      | Reached **** piety under Uskayaw
  2567 | D:3      | HP: 2/41 [iguana (10)]
  2568 | D:3      | Killed an ice beast
  2569 | D:3      | Gained mutation: You are mostly covered in sharp spines.
                  | [demonic ancestry]
  2569 | D:3      | Reached XP level 6. HP: 2/47 MP: 2/6
  2570 | D:3      | Slain by an iguana

Illustrated notes

Levels and vault maps discovered:
D:1:      spicycebolla_green_bress_n_ham_2, layout_rooms, serial_shops, shop,
          minmay_misc_feat_hallway
D:2:      layout_basic, uniq_robin
D:3:      minmay_evil_eye, layout_basic,
          mainiacjoe_overflow_concentric_impassable, lemuel_tele_altar,
          gammafunk_temple_overflow_arena, nemelex_altar_shiori,
          kennysheep_generic_room_6

Skill      XL: |  1  2  3  4  5 |
---------------+----------------+-----
Dodging        | 3 |  3.3
Shapeshifting  | 1 2 3 |  3.5
Unarmed Combat | 3 |  3.9
Fighting       | |  3.0

Action                     |  1- 3 |  4- 6 || total
---------------------------+-------+-------++-------
  Melee: Unarmed           |    90 |    88 ||   178
 Invoke: Stomp             |       |     1 ||     1
    Use: Potion            |       |     1 ||     1
   Stab: Paralysed         |       |     1 ||     1
 Armour: Robe              |    20 |    40 ||    60
  Dodge: Dodged            |    75 |    75 ||   150

Table legend: (Time is in decaauts)
 A = Elapsed time spent in this place.
 B = Non-inter-level travel time spent in this place.
 C = Inter-level travel time spent in this place.
 D = Time resting spent in this place.
 E = Time spent auto-exploring this place.
 F = Levels seen in this place.
 G = Mean time per level.
                   A        B        C        D        E       F      G
               +--------+--------+--------+--------+--------+-----+--------+
         Total |   2562 |   2259 |    303 |      0 |   1656 |   3 |  854.0 |
       Dungeon |   2562 |   2259 |    303 |      0 |   1656 |   3 |  854.0 |
               +--------+--------+--------+--------+--------+-----+--------+

Top non-repeatable levels by time:
     D:2: 1261 daAuts
     D:3: 743 daAuts
     D:1: 558 daAuts
